PL
BUFFALO WHITE WALKERS @ HOLLYWOOD SHREDDERS
09/02/2042
 
TOP OF THE 1ST
Buffalo White Walkers batting - Pitching for Hollywood Shredders : LHP Cullen Taylor
Pitching: LHP Cullen Taylor
Batting: LHB Dread Roberts 0-0: Foul Ball, location: 2F
0-1: Foul Ball, location: 2F
0-2: Strikes out swinging
Batting: RHB Eddie Sachs 0-0: Called Strike
0-1: Ball
1-1: Ball
2-1: SINGLE (Groundball, 56D, EV 103.8 MPH)
Batting: RHB Tom Smythe 0-0: Ball
1-0: Ball
2-0: Called Strike
2-1: DOUBLE (Flyball, 8LXD, EV 96.2 MPH)
Eddie Sachs to third
Batting: SHB Je-myung Yu 0-0: Called Strike
0-1: Ball
1-1: Ball
2-1: Foul Ball, location: 2F
2-2: Strikes out swinging
Batting: LHB Ryder Ringor 0-0: Fly out, F6 (Line Drive, 6, EV 64.4 MPH)
Top of the 1st over - 0 runs, 2 hits, 0 errors, 2 left on base; Buffalo 0 - Hollywood 0
BOTTOM OF THE 1ST
Hollywood Shredders batting - Pitching for Buffalo White Walkers : RHP Ralph DePalma
Pitching: RHP Ralph DePalma
Batting: RHB Lautaro Lacasa 0-0: Ball
1-0: Swinging Strike
1-1: Ball
2-1: Ball
3-1: Bunt for hit to 3S - play at first, batter safe!
Batting: LHB Kanko Umaba 0-0: Called Strike
0-1: Ball
1-1: Ball
2-1: SINGLE (Flyball, 56D, EV 81.9 MPH)
Lautaro Lacasa to second
Batting: RHB Richard Trevithick 0-0: Foul Ball, location: 2F
0-1: Ball
1-1: Swinging Strike
1-2: Ball
2-2: Strikes out swinging
Batting: RHB Ramón Rodríguez 0-0: Ball
1-0: Ball
2-0: Ball
3-0: Base on Balls
Lautaro Lacasa to third
Kanko Umaba to second
Batting: RHB Mario Castillo 0-0: Foul Ball, location: 2F
0-1: Ball
1-1: Ball
2-1: Ball
3-1: Base on Balls
Lautaro Lacasa scores
Kanko Umaba to third
Ramón Rodríguez to second
Batting: RHB Jerry Yates 0-0: Ball
1-0: Ball
2-0: Called Strike
2-1: Called Strike
2-2: Fly out, F9 (Line Drive, 9, EV 110.6 MPH)
Runner from 3rd tags up, OUT at HOME! 9-2
Bottom of the 1st over - 1 run, 2 hits, 0 errors, 2 left on base; Buffalo 0 - Hollywood 1
TOP OF THE 2ND
Buffalo White Walkers batting - Pitching for Hollywood Shredders : LHP Cullen Taylor
Batting: RHB Colin O'Connell 0-0: Ball
1-0: Ball
2-0: SINGLE (Groundball, 6MD, EV 99.4 MPH)
Pitching: RHP David Buchanan
Batting: SHB Max Bortenschlager 0-0: Ball
1-0: Called Strike
1-1: Grounds into double play, 4-6-3 (Groundball, 4M, EV 86.2 MPH)
Batting: LHB Martín Pliego 0-0: Called Strike
0-1: Fly out, F9 (Flyball, 9LD, EV 93.8 MPH)
Top of the 2nd over - 0 runs, 1 hit, 0 errors, 0 left on base; Buffalo 0 - Hollywood 1
BOTTOM OF THE 2ND
Hollywood Shredders batting - Pitching for Buffalo White Walkers : RHP Ralph DePalma
Batting: LHB Gilberto Ocasio 0-0: SOLO HOME RUN (Flyball, 89XD, EV 100.6 MPH), Distance : 419 ft
Batting: RHB Sayed Walid 0-0: Ball
1-0: Ball
2-0: Ball
3-0: Called Strike
3-1: SINGLE (Groundball, 6MD, EV 93.8 MPH)
Batting: RHB John Yossarian 0-0: Called Strike
0-1: Foul Ball, location: 2F
0-2: Strikes out swinging
Batting: RHB Lautaro Lacasa 0-0: Swinging Strike
0-1: TRIPLE (Line Drive, 89XD, EV 104.4 MPH)
Sayed Walid scores
Batting: LHB Kanko Umaba 0-0: Ball
1-0: Ball
2-0: Ball
3-0: Fly out, F8 (Flyball, 8LM, EV 85.6 MPH)
Batting: RHB Richard Trevithick 0-0: Called Strike
0-1: SINGLE (Line Drive, 6D, EV 98.1 MPH)
Lautaro Lacasa scores
Batting: RHB Ramón Rodríguez 0-0: Foul Ball, location: 2F
0-1: Swinging Strike
0-2: Ball
1-2: Fielders Choice at 2nd, 5-4 (Groundball, 56, EV 89.4 MPH)
Bottom of the 2nd over - 3 runs, 4 hits, 0 errors, 1 left on base; Buffalo 0 - Hollywood 4
TOP OF THE 3RD
Buffalo White Walkers batting - Pitching for Hollywood Shredders : RHP David Buchanan
Batting: RHB Armando Altagracia 0-0: Ball
1-0: Called Strike
1-1: Ball
2-1: Called Strike
2-2: Strikes out swinging
Batting: LHB Dread Roberts 0-0: Swinging Strike
0-1: Ball
1-1: Swinging Strike
1-2: Ground out 5-3 (Groundball, 5, EV 84.4 MPH)
Batting: RHB Eddie Sachs 0-0: Ball
1-0: Called Strike
1-1: Fly out, F8 (Flyball, 8RD, EV 85.6 MPH)
Top of the 3rd over - 0 runs, 0 hits, 0 errors, 0 left on base; Buffalo 0 - Hollywood 4
BOTTOM OF THE 3RD
Hollywood Shredders batting - Pitching for Buffalo White Walkers : RHP Ralph DePalma
Batting: RHB Mario Castillo 0-0: Ball
1-0: Ball
2-0: Ball
3-0: Called Strike
3-1: Foul Ball, location: 2F
3-2: Foul Ball, location: 2F
3-2: Base on Balls
Batting: RHB Jerry Yates 0-0: Ball
1-0: Fly out, F8 (Line Drive, 8LD, EV 90.0 MPH)
Batting: LHB Gilberto Ocasio 0-0: Foul Ball, location: 2F
0-1: Ball
1-1: Ball
2-1: Foul Ball, location: 2F
2-2: Ball
3-2: Foul Ball, location: 2F
3-2: Fielders Choice at 2nd, 4-6 (Groundball, 4, EV 76.9 MPH)
Batting: RHB Sayed Walid 0-0: Ball
1-0: 2-RUN HOME RUN (Flyball, 7D, EV 98.8 MPH), Distance : 392 ft
Pitching: LHP Sicnarf Loopstok
Batting: RHB John Yossarian 0-0: Ball
1-0: DOUBLE (Line Drive, 7LM, EV 91.9 MPH)
Batting: RHB Lautaro Lacasa 0-0: Fly out, F4 (Popup, 23, EV 92.5 MPH)
Bottom of the 3rd over - 2 runs, 2 hits, 0 errors, 1 left on base; Buffalo 0 - Hollywood 6
TOP OF THE 4TH
Buffalo White Walkers batting - Pitching for Hollywood Shredders : RHP David Buchanan
Batting: RHB Tom Smythe 0-0: SOLO HOME RUN (Flyball, 78XD, EV 108.1 MPH), Distance : 422 ft
Batting: SHB Je-myung Yu 0-0: Called Strike
0-1: Ball
1-1: Foul Ball, location: 2F
1-2: DOUBLE (Groundball, 3L, EV 106.2 MPH) - OUT at third base trying to stretch hit.
Pitching: RHP Lloyd Natoff
Batting: LHB Ryder Ringor 0-0: SINGLE (Flyball, 9LS, EV 87.5 MPH)
Batting: RHB Colin O'Connell 0-0: Called Strike
0-1: Ball
1-1: SINGLE (Line Drive, 6MD, EV 95.6 MPH)
Ryder Ringor to second
Batting: SHB Max Bortenschlager 0-0: Foul Ball, location: 2F
0-1: Ground out 6-3 (Groundball, 56D, EV 80.6 MPH)
Ryder Ringor to third
Colin O'Connell to second
Batting: LHB Martín Pliego 0-0: Ball
Wild Pitch!
Ryder Ringor scores
Colin O'Connell to third
1-0: Ball
2-0: Fly out, F9 (Flyball, 9, EV 86.9 MPH)
Top of the 4th over - 2 runs, 4 hits, 0 errors, 1 left on base; Buffalo 2 - Hollywood 6
BOTTOM OF THE 4TH
Hollywood Shredders batting - Pitching for Buffalo White Walkers : LHP Sicnarf Loopstok
Batting: LHB Kanko Umaba 0-0: Ball
1-0: Called Strike
1-1: SOLO HOME RUN (Line Drive, 9D, EV 100.6 MPH), Distance : 373 ft
Batting: RHB Richard Trevithick 0-0: Foul Ball, location: 2F
0-1: Called Strike
0-2: SOLO HOME RUN (Flyball, 9D, EV 95.0 MPH), Distance : 378 ft
Batting: RHB Ramón Rodríguez 0-0: Ball
1-0: Ball
2-0: Foul Ball, location: 2F
2-1: Foul Ball, location: 2F
2-2: Strikes out swinging
Batting: RHB Mario Castillo 0-0: Ball
1-0: Ball
2-0: Ball
3-0: Called Strike
3-1: Foul Ball, location: 2F
3-2: Ground out 6-3 (Groundball, 56, EV 105.0 MPH)
Batting: RHB Jerry Yates 0-0: Called Strike
0-1: Ball
1-1: Swinging Strike
1-2: Fly out, F7 (Flyball, 7, EV 93.8 MPH)
Bottom of the 4th over - 2 runs, 2 hits, 0 errors, 0 left on base; Buffalo 2 - Hollywood 8
TOP OF THE 5TH
Buffalo White Walkers batting - Pitching for Hollywood Shredders : RHP Lloyd Natoff
Batting: RHB Armando Altagracia 0-0: Called Strike
0-1: SINGLE (Line Drive, 9S, EV 95.0 MPH)
Batting: LHB Dread Roberts 0-0: Ball
1-0: Ball
2-0: SINGLE (Line Drive, 89M, EV 95.0 MPH)
Armando Altagracia to second
Runner from 2nd tries for 3rd, SAFE, no throw by CF
Batting: RHB Eddie Sachs 0-0: Ball
1-0: Ball
2-0: Called Strike
2-1: Grounds into double play, 1-6-3 (Groundball, 13, EV 64.4 MPH)
Batting: RHB Tom Smythe 0-0: Fly out, F8 (Flyball, 8RS, EV 90.0 MPH)
Top of the 5th over - 0 runs, 2 hits, 0 errors, 1 left on base; Buffalo 2 - Hollywood 8
BOTTOM OF THE 5TH
Hollywood Shredders batting - Pitching for Buffalo White Walkers : LHP Sicnarf Loopstok
Batting: LHB Gilberto Ocasio 0-0: Called Strike
0-1: Ball
1-1: Ball
2-1: Fly out, F7 (Flyball, 78S, EV 96.2 MPH)
Batting: RHB Sayed Walid 0-0: Ball
1-0: Called Strike
1-1: Swinging Strike
1-2: Ball
2-2: Ball
3-2: Base on Balls
Pitching: LHP Mannus Dijkman
Batting: RHB John Yossarian 0-0: Foul Ball, location: 2F
0-1: Ball
1-1: Called Strike
1-2: Foul Ball, location: 2F
1-2: Grounds into double play, 6-4-3 (Groundball, 6, EV 89.4 MPH)
Bottom of the 5th over - 0 runs, 0 hits, 0 errors, 0 left on base; Buffalo 2 - Hollywood 8
TOP OF THE 6TH
Buffalo White Walkers batting - Pitching for Hollywood Shredders : RHP Lloyd Natoff
Batting: SHB Je-myung Yu 0-0: Ball
1-0: Ball
2-0: Ball
3-0: Foul Ball, location: 2F
3-1: Foul Ball, location: 2F
3-2: Foul Ball, location: 2F
3-2: Ground out 5-3 (Groundball, 6, EV 101.9 MPH)
Batting: LHB Ryder Ringor 0-0: Called Strike
0-1: SINGLE (Line Drive, 8LS, EV 104.4 MPH)
Batting: RHB Colin O'Connell 0-0: Foul Ball, location: 2F
0-1: Swinging Strike
0-2: Ball
1-2: Reached on error, E1 (Groundball, 13, EV 86.9 MPH)
Ryder Ringor to second
Batting: SHB Max Bortenschlager 0-0: Called Strike
0-1: Called Strike
0-2: Grounds out, U3 (Groundball, 3L, EV 110.6 MPH)
Ryder Ringor to third
Batting: LHB Martín Pliego 0-0: Called Strike
0-1: Foul Ball, location: 2F
0-2: Strikes out swinging
Top of the 6th over - 0 runs, 1 hit, 1 error, 2 left on base; Buffalo 2 - Hollywood 8
BOTTOM OF THE 6TH
Hollywood Shredders batting - Pitching for Buffalo White Walkers : LHP Mannus Dijkman
Batting: RHB Lautaro Lacasa 0-0: Called Strike
0-1: Swinging Strike
0-2: Fly out, F3 (Popup, 3SF, EV 71.9 MPH)
Batting: LHB Kanko Umaba 0-0: Ball
1-0: Ground out 4-3 (Groundball, 4, EV 91.2 MPH)
Batting: RHB Richard Trevithick 0-0: Fly out, F6 (Popup, 15S, EV 80.6 MPH)
Bottom of the 6th over - 0 runs, 0 hits, 0 errors, 0 left on base; Buffalo 2 - Hollywood 8
TOP OF THE 7TH
Buffalo White Walkers batting - Pitching for Hollywood Shredders : RHP Lloyd Natoff
Batting: RHB Armando Altagracia 0-0: Foul Ball, location: 2F
0-1: Swinging Strike
0-2: Ball
1-2: SINGLE (Groundball, 6D, EV 97.5 MPH)
Batting: LHB Dread Roberts 0-0: Swinging Strike
0-1: Called Strike
0-2: Foul Ball, location: 2F
0-2: Foul Ball, location: 2F
0-2: Foul Ball, location: 2F
0-2: Ball
1-2: Fly out, F9 (Line Drive, 9, EV 100.0 MPH)
Pitching: RHP Larry Benítez
Batting: RHB Eddie Sachs 0-0: Called Strike
0-1: Ball
1-1: Foul Ball, location: 2F
1-2: Foul Ball, location: 2F
1-2: Strikes out looking
Batting: RHB Tom Smythe 0-0: Ball
1-0: Ball
2-0: Foul Ball, location: 2F
2-1: Fielders Choice at 2nd, 5-4 (Groundball, 5, EV 81.9 MPH)
Top of the 7th over - 0 runs, 1 hit, 0 errors, 1 left on base; Buffalo 2 - Hollywood 8
BOTTOM OF THE 7TH
Hollywood Shredders batting - Pitching for Buffalo White Walkers : LHP Mannus Dijkman
Batting: RHB Ramón Rodríguez 0-0: Called Strike
0-1: Ball
1-1: Ball
2-1: Ball
3-1: Called Strike
3-2: Base on Balls
Batting: RHB Mario Castillo 0-0: Ball
1-0: Ball
2-0: Called Strike
2-1: Ball
3-1: Base on Balls
Ramón Rodríguez to second
Batting: RHB Jerry Yates 0-0: Ball
1-0: Ball
2-0: Ball
3-0: Base on Balls
Ramón Rodríguez to third
Mario Castillo to second
Batting: LHB Gilberto Ocasio 0-0: Hit by Pitch
Ramón Rodríguez scores
Mario Castillo to third
Jerry Yates to second
Batting: RHB Sayed Walid 0-0: Ball
1-0: Ball
2-0: Ball
3-0: Base on Balls
Mario Castillo scores
Jerry Yates to third
Gilberto Ocasio to second
Pinch Hitting: RHB Takeshi Kovacs 0-0: Called Strike
0-1: Ball
1-1: Foul Ball, location: 2F
1-2: Strikes out looking
Batting: RHB Lautaro Lacasa 0-0: Called Strike
0-1: Ball
1-1: Ball
2-1: Ball
3-1: Foul Ball, location: 2F
3-2: Grounds into double play, 6-4-3 (Groundball, 6, EV 101.9 MPH)
Bottom of the 7th over - 2 runs, 0 hits, 0 errors, 2 left on base; Buffalo 2 - Hollywood 10
TOP OF THE 8TH
Buffalo White Walkers batting - Pitching for Hollywood Shredders : RHP Larry Benítez
Now in CF: Takeshi Kovacs
Batting: SHB Je-myung Yu 0-0: Ball
1-0: Ball
2-0: Ball
3-0: Base on Balls
Batting: LHB Ryder Ringor 0-0: Ball
1-0: Ball
2-0: Ball
3-0: Base on Balls
Je-myung Yu to second
Batting: RHB Colin O'Connell 0-0: Called Strike
0-1: Grounds into double play, 5-4-3 (Groundball, 56, EV 108.1 MPH)
Je-myung Yu to third
Batting: SHB Max Bortenschlager 0-0: SINGLE (Line Drive, 56, EV 96.2 MPH)
Je-myung Yu scores
Batting: LHB Martín Pliego 0-0: Ball
1-0: Ball
2-0: Ball
3-0: Called Strike
3-1: Called Strike
3-2: Foul Ball, location: 2F
3-2: 2-RUN HOME RUN (Flyball, 9D, EV 92.5 MPH), Distance : 376 ft
Pitching: LHP Ismael Riddles
Batting: RHB Armando Altagracia 0-0: Ball
1-0: Called Strike
1-1: Ball
2-1: Foul Ball, location: 2F
2-2: Ball
3-2: Strikes out swinging
Top of the 8th over - 3 runs, 2 hits, 0 errors, 0 left on base; Buffalo 5 - Hollywood 10
BOTTOM OF THE 8TH
Hollywood Shredders batting - Pitching for Buffalo White Walkers : LHP Mannus Dijkman
Batting: LHB Kanko Umaba 0-0: Ball
1-0: Ball
2-0: Called Strike
2-1: Fly out, F7 (Flyball, 78S, EV 90.0 MPH)
Pitching: RHP Scott Colorado
Batting: RHB Richard Trevithick 0-0: DOUBLE (Line Drive, 9LS, EV 95.0 MPH)
Batting: RHB Ramón Rodríguez 0-0: Called Strike
0-1: Foul Ball, location: 2F
0-2: Ball
1-2: Foul Ball, location: 2F
1-2: Ground out 5-3 (Groundball, 56, EV 104.4 MPH)
Batting: RHB Mario Castillo 0-0: Foul Ball, location: 2F
0-1: Called Strike
0-2: Ball
1-2: Foul Ball, location: 2F
1-2: Foul Ball, location: 2F
1-2: SINGLE (Groundball, 6D, EV 96.2 MPH)
Richard Trevithick to third
Runner from 3rd tries for Home, SAFE, throw by CF to home
Batting: RHB Jerry Yates 0-0: Swinging Strike
0-1: Fly out, F6 (Line Drive, 6, EV 63.1 MPH)
Bottom of the 8th over - 1 run, 2 hits, 0 errors, 1 left on base; Buffalo 5 - Hollywood 11
TOP OF THE 9TH
Buffalo White Walkers batting - Pitching for Hollywood Shredders : LHP Ismael Riddles
Batting: LHB Dread Roberts 0-0: Ball
1-0: Swinging Strike
1-1: Ground out 6-3 (Groundball, 6, EV 81.2 MPH)
Batting: RHB Eddie Sachs 0-0: Ball
1-0: Ball
2-0: Ball
3-0: Called Strike
3-1: Reached on error, E6 (Groundball, 6, EV 107.5 MPH)
Batting: RHB Tom Smythe 0-0: Called Strike
0-1: Ball
1-1: Fly out, F7 (Flyball, 7, EV 96.2 MPH)
Batting: SHB Je-myung Yu 0-0: Ball
1-0: Ball
2-0: Ball
3-0: Base on Balls
Eddie Sachs to second
Batting: LHB Ryder Ringor 0-0: Fielders Choice at 2nd, 6-4 (Groundball, 4M, EV 79.4 MPH)
Top of the 9th over - 0 runs, 0 hits, 1 error, 2 left on base; Buffalo 5 - Hollywood 11
Friday, March 26th, 2021 - OOTP Baseball 20.8 Build 74